Map: Ruby Rock LE

Players

SCIInewby

  • Race: Zerg Zerg
  • League: Master
  • Spawn Location: 11:00

IIIIIIIIIII - Winner!

  • Race: Zerg Zerg
  • League: Platinum
  • Spawn Location: 5:00

VOD

Have the link to the VOD?

Description

Time

  • Played on: Feb. 5, 2026, 8:33 p.m.
  • Length: 4:36
Show
View Real Time Build Order
Export as new Build Order

SCIInewby Zerg 

Build Orders: Pool First 

Get SALT Encoding   

  12  0:01  Drone  
  13  0:17  Drone  
  13  0:21  Extractor, Drone  
  13  0:25  Overlord  
  15  0:42  Spawning Pool  
  14  0:43  Drone  
  14  0:47  Drone  
  16  0:54  Drone  
  17  1:14  Hatchery  
  16  1:23  Drone  
  17  1:27  Extractor  
  17  1:29  Drone x2, Extractor  
  17  1:40  Queen  
  19  1:51  Drone x2  
  21  2:07  Roach Warren  
  20  2:11  Drone  
  21  2:16  Drone  
  22  2:28  Drone x2  
  22  2:29  Drone  
  24  2:40  Lair  
  24  2:49  Drone x2  
  26  3:00  Zergling x6  
  27  3:06  Drone  
  28  3:27  Overlord x3  
  28  3:52  Queen  
  28  3:54  Queen  
  29  4:00  Spire, Drone x2  
  29  4:09  Zergling x2  
  27  4:10  Zergling x2  
  27  4:11  Zergling x2  
Show
View Real Time Build Order
Export as new Build Order

IIIIIIIIIII Zerg - Winner!

Build Orders: Hatch First 

Get SALT Encoding   

  12  0:28  Drone  
  13  0:30  Hatchery  
  12  0:39  Drone x2  
  14  0:56  Spawning Pool  
  13  1:00  Drone  
  14  1:07  Overlord  
  14  1:15  Overlord  
  14  1:26  Drone x2  
  16  1:34  Drone  
  17  1:41  Extractor  
  17  1:43  Drone  
  17  1:44  Drone, Extractor  
  17  1:50  Queen  
  19  1:55  Drone  
  19  1:58  Zergling x2  
  21  2:08  Zergling x2  
  21  2:09  Zergling x2  
  23  2:19  Drone x2  
  25  2:30  Drone  
  25  2:31  Drone  
  27  2:37  Zergling x2  
  27  2:38  Zergling x2, Metabolic Boost  
  29  2:46  Drone  
  30  2:54  Zergling x2  
  30  3:06  Zergling x2  
  30  3:07  Zergling x8  
  30  3:09  Overlord  
  35  3:30  Zergling x8  
  38  3:36  Zergling x2  
  39  3:42  Baneling Nest  
  39  3:43  Zergling x2  
  39  3:44  Drone x3  
  39  3:45  Queen  
  42  3:55  Zergling x2  
  42  4:05  Zergling x4  
Tags
 
Add a new tag
Caveats
  • Supply blocks, unpowered buildings, or Contaminate may cause inaccurate times.
  • Supply counts are checked every 10 seconds.